cohdb
Replays
Latest Replays
All Replays
Popular Replays
Top Player Replays
Match Explorer
How It Works
Community
CoH3 Stats
Reddit
Sign in to upload your games and track your stats! →
Sign in with Steam
Match 42827365
Unlisted
Match 42827365
Overview
Messages
Build Orders
End
Construct Infanterie Kompanie
Selects Italian Coastal Battlegroup
Selects Coastal Reserves
Coastal Reserve
MG 42 Machine Gun Team
Sniper
MG 42 Bunker
Sniper
Construct Luftwaffe Kompanie
221 Scout Car
Medical Station
Pioneer Squad
Construct Panzer Kompanie
Selects Support Bunkers
Selects Rapid Fortifications
Stoßtruppen Squad
Selects Bulwark
Pioneer Squad
Panzer IV Medium Tank
Coastal Reserve
ConcernedApe
김치워리어
MrKaos
Aftyn
0
0
Comments
sign in to comment!
No comments posted yet!